 Dungeon Crawl Stone Soup version 0.30-a0-371-gad7725a93e (webtiles) character file.

Game seed: 1427085252667904794

38 jfcaron the Covered (level 3, 0/33 HPs)
             Began as a Meteoran Fighter on Nov 21, 2022.
             Slain by a gnoll
             ... wielding a +0 halberd
              (12 damage)
             ... on level 2 of the Dungeon.
             The game lasted 00:01:51 (328 turns).

jfcaron the Covered (Meteoran Fighter)               Turns: 328, Time: 00:01:51

Health: 0/33       AC:  7    Str: 19    XL:     3   Next: 91%
Magic:  4/4        EV:  9    Int:  9    God:
Gold:   26         SH:  5    Dex: 14    Spells: 2/2 levels left

rFire   . . .      SeeInvis .    a - +0 war axe
rCold   . . .      Faith    +    c - +0 buckler
rNeg    . . .      Spirit   .    b - +0 scale mail
rPois   .          Reflect  .    (no helmet)
rElec   .          Harm     .    (no cloak)
rCorr   .          Rampage  .    (no gloves)
Will    .....                    (no boots)
Stlth   ..........               h - amulet of faith
HPRegen 0.25/turn                (no ring)
MPRegen 0.09/turn                (no ring)

@: glowing
A: sense surroundings 1, otherworldly, glowing, explore regen
a: no special abilities


You were on level 2 of the Dungeon.
You visited 1 branch of the dungeon, and saw 2 of its levels.

You collected 26 gold pieces.

Inventory:

Hand Weapons
 a - a +0 war axe (weapon)
Missiles
 f - a throwing net (quivered) {!f}
 i - 5 stones
Armour
 b - a +0 scale mail (worn)
 c - a +0 buckler (worn)
Magical Staves
 m - a staff of cold
Jewellery
 h - an amulet of faith (around neck)
Scrolls
 e - 2 scrolls of immolation {unknown}
 g - a scroll of poison {unknown}
 k - a scroll of identify {unknown}
 n - a scroll of teleportation {unknown}
Potions
 d - a potion of might
 l - a potion of degeneration {unknown}


   Skills:
 + Level 3.7 Fighting
 + Level 3.1 Axes
 + Level 4.1 Armour
 + Level 4.1 Shields


You had 2 spell levels left.
You didn't know any spells.
Your spell library contained the following spells:

 Spells                   Type           Power      Damage    Failure   Level
 Kiss of Death            Conj/Necr      0%         2d5       83%         1
 Confusing Touch          Hex            0%         N/A       99%         3
 Ignite Poison            Fire/Tmut/Pois 0%         N/A       99%         3
 Kindle Blastsparks       Fire/Tloc/Air  0%         2d10      99%         3
 Dispel Undead            Necr           0%         3d6       100%        4
 Freezing Cloud           Conj/Ice/Air   0%         6-21      100%        5


Dungeon Overview and Level Annotations

Branches:
Dungeon (2/15) Zot: 856

Altars:


Innate Abilities, Weirdness & Mutations

You passively map a small area around you.
You are easily found by Zot.
You glow in the dark.
You regain HP and MP as you explore.


Message History

The endoplasm freezes you.
You are frozen.
You are too injured to fight recklessly!
You are too injured to fight recklessly!
You hit the endoplasm.
You kill the endoplasm!
An endoplasm comes into view.
You are too injured to fight recklessly!
The endoplasm hits you but does no damage.
You barely miss the endoplasm. You block the endoplasm's attack.
You hit the endoplasm.
You kill the endoplasm!
HP restored.
A gnoll comes into view. It is wielding a +0 spear.
The gnoll shouts!
You hear an angry hiss.
The gnoll hits you with a +0 spear.
You hit the gnoll but do no damage.
A gnoll comes into view. It is wielding a +0 halberd.
You block the gnoll's attack. The gnoll hits you but does no damage.
You closely miss the gnoll. The gnoll hits you with a +0 spear!
You hit the gnoll but do no damage.
A frilled lizard comes into view.
The gnoll hits you with a +0 spear.
A gnoll comes into view. It is wielding a +0 club.
The gnoll hits you but does no damage. You block the gnoll's attack.
You barely miss the gnoll.
The gnoll shouts!
The frilled lizard hisses angrily.
A bat comes into view.
The gnoll hits you from afar with a +0 halberd!
The gnoll hits you but does no damage.
You hit the gnoll.
The gnoll is lightly wounded.
The gnoll hits you from afar with a +0 halberd!
* * * LOW HITPOINT WARNING * * *
A gnoll comes into view. It is wielding a +0 club.
You block the gnoll's attack.
It was a potion of curing.
You feel better.
The gnoll shouts!
The gnoll hits you from afar with a +0 halberd!
You die...

, #.#..## ##
,######...##
..### ........##
.... ,
.######.#####..#*
*,
......#.#.....#,
, * *
#.....#...#, ,
###......#* * ,,
#.##..#...#
#.#..@#, .#, *
#.#..g# ,,* , **
...###g * , ,,
#...., gg ,,,* *
, ..... b## *#.#.
#. * , , ..#. .,
, , , .., **


You could see 4 gnolls and a bat.

Vanquished Creatures
  An iguana (D:2)
  2 endoplasms (D:2)
  2 goblins (D:1)
  3 jackals (D:1)
  2 ball pythons (D:1)
  2 kobolds (D:1)
  A rat (D:2)
  2 plants (D:1)
15 creatures vanquished.

Notes
Turn   | Place    | Note
-------+----------+-------------------------------------------
     0 | D:1      | jfcaron the Meteoran Fighter began the quest for the Orb.
     0 | D:1      | Reached XP level 1. HP: 19/19 MP: 2/2
    95 | D:1      | Reached XP level 2. HP: 26/26 MP: 3/3
   279 | D:2      | Reached XP level 3. HP: 10/33 MP: 4/4
   327 | D:2      | HP: 1/33 [gnoll/+0 halberd (10)]
   328 | D:2      | Slain by a gnoll

Illustrated notes

Levels and vault maps discovered:
D:1:      minmay_arrival_four_houses, layout_basic, hangedman_glass_garden
D:2:      layout_rooms, nicolae_titane, uniq_natasha

Skill      XL: |  1  2 |
---------------+-------+-----
Axes           | 3 |  3.1
Armour         | 4 |  4.1
Shields        | 4 |  4.1
Fighting       | |  3.7

Action                   || total
-------------------------++-------
Melee: War axe           ||    35
Throw: Stone             ||     4
  Use: Potion            ||     1
Armor: Scale mail        ||    12
Dodge: Dodged            ||     5
Block: Buckler           ||    10

Table legend: (Time is in decaauts)
 A = Elapsed time spent in this place.
 B = Non-inter-level travel time spent in this place.
 C = Inter-level travel time spent in this place.
 D = Time resting spent in this place.
 E = Time spent auto-exploring this place.
 F = Levels seen in this place.
 G = Mean time per level.
                   A        B        C        D        E       F      G
               +--------+--------+--------+--------+--------+-----+--------+
         Total |    342 |    338 |      4 |      0 |    226 |   2 |  171.0 |
       Dungeon |    342 |    338 |      4 |      0 |    226 |   2 |  171.0 |
               +--------+--------+--------+--------+--------+-----+--------+

Top non-repeatable levels by time:
     D:1: 275 daAuts
     D:2: 67 daAuts
